 Dungeon Crawl Stone Soup version 0.32-a0-732-ga344392067 (webtiles) character file.

Game seed: 1573658023942227978

217 croobank the Ruffian (level 5, -5/40 HPs)
             Began as a Human Shapeshifter on Mar 16, 2024.
             Slain by a sleepcap (7 damage)
             ... on level 4 of the Dungeon.
             The game lasted 00:28:29 (3428 turns).

croobank the Ruffian (Human Shapeshifter)           Turns: 3428, Time: 00:28:30

Health: -5/40      AC:  2    Str: 15    XL:     5   Next: 94%
Magic:  5/5        EV: 11    Int: 12    God:
Gold:   105        SH:  0    Dex: 12    Spells: 4/4 levels left

rFire   . .          .
                       - Unarmed
rCold   . . .        (no shield)
rNeg    + . .        a - +0 animal skin
rPois   .            (helmet currently unavailable)
rElec   .            (cloak currently unavailable)
rCorr   .            (gloves currently unavailable)
SInv    .            (boots currently unavailable)
Will    .....        (no amulet)
Stlth   +            k - ring of positive energy
HPRegen 0.26/turn    (no ring)
MPRegen 0.09/turn

%: no passive effects
@: mighty, brilliant, beast-form
A: beast (slay +2), explore regen
a: Begin Untransformation


You were on level 4 of the Dungeon.
You were a hulking beast.
You visited 1 branch of the dungeon, and saw 4 of its levels.

You collected 105 gold pieces.

Inventory:

Hand Weapons
 h - a +0 dagger
 l - a +0 short sword
Missiles
 n - 3 datura-tipped darts (quivered)
Armour
 a - a +0 animal skin (worn)
 u - a +1 pair of gloves
 w - a +0 ring mail
Jewellery
 k - a ring of positive energy (left hand)
 o - a ring of resist corrosion
Talismans
 c - a beast talisman (active)
 d - a flux talisman
Wands
 s - a wand of iceblast (3)
 x - a wand of quicksilver (10)
Scrolls
 f - a scroll of enchant weapon {unknown}
 g - 3 scrolls of identify
 m - a scroll of fear {unknown}
 r - a scroll of torment {unknown}
 t - a scroll of revelation {unknown}
 v - a scroll of summoning {unknown}
 y - a scroll of enchant armour {unknown}
Potions
 e - 2 potions of enlightenment
 i - a potion of brilliance
 p - 2 potions of curing {unknown}
 q - 4 potions of heal wounds {unknown}


   Skills:
 + Level 2.8 Fighting
 + Level 3.3 Dodging
 + Level 4.1 Unarmed Combat
 + Level 3.9 Shapeshifting


You had 4 spell levels left.
You didn't know any spells.
Your spell library contained the following spells:

 Spells                   Type           Power      Damage    Failure   Level
 Leda's Liquefaction      Alch/Erth      0%         N/A       97%         4
 Lee's Rapid Deconstruct  Erth           0%         3d4*      100%        5
 Permafrost Eruption      Ice/Erth       0%         2x4d2     100%        6


Dungeon Overview and Level Annotations

Branches:
Dungeon (4/15)
 Temple: D:4-7

Altars:


Innate Abilities, Weirdness & Mutations

You are a hulking beast.
Your limbs bulge with bestial killing power. (Slay +2)
You regain HP and MP as you explore.


Message History

You hit the iguana but do no damage.
The iguana is heavily wounded.
The iguana misses you.
You barely miss the iguana.
The iguana is heavily wounded.
The iguana barely misses you.
You closely miss the iguana.
The iguana is heavily wounded.
The iguana bites you.
You hit the iguana.
The iguana is severely wounded.
The iguana bites you!
You closely miss the iguana.
The iguana is severely wounded.
The iguana bites you.
You hit the iguana.
The iguana is almost dead.
The iguana closely misses you.
You hit the iguana.
You kill the iguana!
As you read the scroll labelled XUFOXA ROPTAEF, it crumbles to dust.
It is a scroll of identify.
e - 2 potions of enlightenment The sleepcap releases spores at you.
* * * LOW HITPOINT WARNING * * *
You are engulfed in a cloud of soporific spores!
You fall asleep.
The sleepcap releases spores at you!
You wake up.
* * * LOW HITPOINT WARNING * * *
Okay, then.
It was a potion of brilliance.
You feel clever all of a sudden. The sleepcap releases spores at you.
* * * LOW HITPOINT WARNING * * *
You are engulfed in a cloud of soporific spores!
You are unaffected.
It was a potion of might.
You feel very mighty all of a sudden. The sleepcap releases spores at you!
You die...

#.#####.##.#
#.### #....#
##.#. ####.#
##.# #.# #.#
#.# #.# #.#
#.# #.# #..
#.# ... #h# #
.##
.#######f##.#
.
......)....#
.######.####
#..)+ #...#
##...# #...#
##...


You could see a sleepcap.

Vanquished Creatures
  A hound (D:4)
  An iguana (D:4)
  3 gnolls
  8 adders
  2 ribbon worms
  A dart slug (D:3)
  5 ball pythons
  3 endoplasms
  3 giant cockroaches
  6 goblins
  8 hobgoblins
  5 kobolds
  3 quokkas
  2 bats
  2 frilled lizards (D:1)
  8 rats
61 creatures vanquished.

Vanquished Creatures (collateral kills)
  An endoplasm (D:2)
1 creature vanquished.

Grand Total: 62 creatures vanquished

Notes
Turn   | Place    | Note
-------+----------+-------------------------------------------
     0 | D:1      | croobank the Human Shapeshifter began the quest for the
                  | Orb.
     0 | D:1      | Reached XP level 1. HP: 15/15 MP: 1/1
   295 | D:1      | Reached XP level 2. HP: 21/21 MP: 2/2
  1091 | D:1      | Reached XP level 3. HP: 24/26 MP: 3/3
  1252 | D:2      | Reached XP level 4. HP: 26/33 MP: 4/4
  2053 | D:2      | Reached XP level 5. HP: 20/39 MP: 5/5
  2142 | D:2      | Found a faded altar of an unknown god.
  2982 | D:4      | Noticed an ogre
  3223 | D:4      | Reached skill level 4 in Unarmed Combat
  3427 | D:4      | HP: 2/40 [sleepcap (1)]
  3428 | D:4      | Slain by a sleepcap

Illustrated notes

Levels and vault maps discovered:
D:1:      dpeg_arrival_arbitrary_b, layout_basic
D:2:      layout_rooms, shapermc_ecumenical_altar_mp_ritualfount,
          kennysheep_generic_room_7
D:3:      layout_basic
D:4:      minmay_razor_zed, layout_loops_ring

Skill      XL: |  1  2  3  4  5 |
---------------+----------------+-----
Fighting       | 2 |  2.8
Dodging        | 3 |  3.3
Unarmed Combat | 4 |  4.1
Shapeshifting  | |  3.9

Action                     |  1- 3 |  4- 6 || total
---------------------------+-------+-------++-------
  Melee: Unarmed           |    64 |   159 ||   223
         Dagger            |     9 |       ||     9
         Punch             |     3 |     6 ||     9
  Throw: Dart              |     1 |     1 ||     2
  Evoke: Wand              |       |     1 ||     1
    Use: Potion            |       |     3 ||     3
         Scroll            |       |     1 ||     1
 Armour: Animal skin       |    40 |    87 ||   127
         Skin              |       |     9 ||     9
  Dodge: Dodged            |    44 |    84 ||   128

Table legend: (Time is in decaauts)
 A = Elapsed time spent in this place.
 B = Non-inter-level travel time spent in this place.
 C = Inter-level travel time spent in this place.
 D = Time resting spent in this place.
 E = Time spent auto-exploring this place.
 F = Levels seen in this place.
 G = Mean time per level.
                   A        B        C        D        E       F      G
               +--------+--------+--------+--------+--------+-----+--------+
         Total |   3415 |   3271 |    144 |   1143 |   1425 |   4 |  853.8 |
       Dungeon |   3415 |   3271 |    144 |   1143 |   1425 |   4 |  853.8 |
               +--------+--------+--------+--------+--------+-----+--------+

Top non-repeatable levels by time:
     D:1: 1342 daAuts
     D:3: 969 daAuts
     D:2: 816 daAuts
     D:4: 285 daAuts
